 Seeded DCSS version 0.30.0-30-g96aa6591b8 (webtiles) character file.

Game seed: 5262528099854255737 (custom seed)

43 CInkIbrahim the Slasher (level 3, 18/18 HPs)
             Began as a Vine Stalker Gladiator on June 28, 2023.
             Quit the game on level 2 of the Dungeon.
             The game lasted 00:01:19 (1024 turns).

CInkIbrahim the Slasher (Vine Stalker Gladiator)    Turns: 1024, Time: 00:01:19

Health: 18/18      AC:  9    Str: 16    XL:     3   Next: 58%
Magic:  4/4        EV: 11    Int:  8    God:
Gold:   48         SH:  0    Dex: 17    Spells: 2/2 levels left

rFire   + . .        b - +0 short sword (vamp)
rCold   . . .        (no shield)
rNeg    . . .        k - +1 ring mail {rF+}
rPois   +            c - +0 helmet
rElec   .            m - +1 cloak
rCorr   .            (no gloves)
SInv    .            (no boots)
Will    .....        (no amulet)
Stlth   +            i - ring of poison resistance
HPRegen 0.23/turn    (no ring)
MPRegen 0.09/turn

%: guardian spirit
@: no status effects
A: fangs 2, magic shield, antimagic bite, no potion heal 2
a: no special abilities


You were on level 2 of the Dungeon.
You visited 1 branch of the dungeon, and saw 2 of its levels.

You collected 200 gold pieces.
You spent 152 gold pieces at shops.

Inventory:

Hand Weapons
 a - a +0 long sword
 b - a +0 vampiric short sword (weapon)
Missiles
 d - 3 throwing nets (quivered)
 e - a javelin
Armour
 c - a +0 helmet (worn)
 h - a +0 leather armour
 j - a +0 kite shield
 k - a +1 ring mail of fire resistance (worn)
 m - a +1 cloak (worn)
 n - a scarf of harm
Jewellery
 i - a ring of poison resistance (left hand)
 q - a +6 ring of strength
Scrolls
 p - a scroll of fear {unknown}
 r - a scroll of immolation {unknown}
 s - a scroll of acquirement
Potions
 f - a potion of haste {unknown}
 g - a potion of might {unknown}
 l - a potion of curing {unknown}
 o - a potion of heal wounds {unknown}


   Skills:
 - Level 1.7 Fighting
 + Level 4.1 Long Blades
 - Level 1.7 Throwing
 - Level 2.4 Dodging


You had 2 spell levels left.
You didn't know any spells.
Your spell library contained the following spells:

 Spells                   Type           Power      Damage    Failure   Level
 Apportation              Tloc           0%         N/A       63%         1
 Necrotise                Necr           0%         1d4       63%         1
 Summon Small Mammal      Summ           0%         N/A       63%         1


Dungeon Overview and Level Annotations

Branches:
Dungeon (2/15)

Altars:

Shops:
D:1 :   D:2 [


Innate Abilities, Weirdness & Mutations

You have extremely sharp teeth.
When hurt, damage is shared between your health and your magic reserves.
Your bite disrupts and absorbs the magic of your enemies.
Potions cannot restore your health.


Message History

The goblin shouts!
You hear an angry hiss.
A goblin is nearby!
You hit the goblin.
You kill the goblin!
o - a green potion;
p - a scroll labelled LIPOSU QAOQEI You see here a +0 dagger.
No target in view!
A ball python comes into view.
Found a scroll labelled YZUZOF WODOFOC.
The ball python hisses angrily.
The ball python bites you. The ball python grabs you.
The ball python constricts you.
You barely miss the ball python. Your bite misses the ball python.
The ball python bites you but does no damage.
The ball python constricts you.
You hit the ball python. Your bite misses the ball python.
The ball python is moderately wounded.
The ball python bites you but does no damage.
The ball python constricts you.
You hit the ball python.
You feel better.
You kill the ball python!
No target in view!
No target in view!
HP restored.
A rat comes into view.
Found a twisted golden ring.
A rat is nearby!
You hit the rat.
You kill the rat!
q - a +6 ring of strength No target in view!
Found 6 boomerangs.
No target in view!
r - a scroll labelled YCUGALID WUAMMAT No target in view!
Found a dagger.
s - a scroll labelled YZUZOF WODOFOC No target in view!
This is a scroll of acquirement!
Are you sure you want to abandon this character and quit the game? (Confirm with "yes".)

########### P.........#
).P.~~..P.#
.P.~≈~~@..########
.~~≈~≈~~.........####.
P~~~≈~≈~P...#........#
~~≈~~≈≈≈~..(#.##.##.#.#
~≈~≈≈≈≈≈≈P###.##.#....
~!~~~~~~♣.....##.#..# #
...~~~~..†.#####.#..# #
..P.~≈~...######.#..###.
...~~...P.......#..##..


There were no monsters in sight!

Vanquished Creatures
  An adder (D:2)
  A dart slug (D:1)
  2 bats (D:1)
  4 endoplasms (D:1)
  A giant cockroach (D:1)
  8 goblins
  2 jackals (D:1)
  A quokka (D:1)
  3 ball pythons
  A frilled lizard (D:1)
  2 kobolds
  4 rats
30 creatures vanquished.

Notes
Turn   | Place    | Note
-------+----------+-------------------------------------------
     0 | D:1      | CInkIbrahim the Vine Stalker Gladiator began the quest for
                  | the Orb.
     0 | D:1      | Reached XP level 1. HP: 11/11 MP: 2/2
    96 | D:1      | Reached skill level 3 in Long Blades
   103 | D:1      | Reached XP level 2. HP: 14/15 MP: 3/3
   218 | D:1      | Found Zojak's Book Boutique.
   290 | D:1      | Reached XP level 3. HP: 18/18 MP: 4/4
   758 | D:2      | Found Dobing's Antique Armour Boutique.
   772 | D:2      | Reached skill level 4 in Long Blades
   777 | D:2      | Bought an embroidered scarf for 152 gold pieces
  1024 | D:2      | Identified a scroll of acquirement
  1024 | D:2      | Quit the game

Illustrated notes

Levels and vault maps discovered:
D:1:      scummos_arrival_simple_crosswalls, layout_basic, serial_shops, shop,
          skrybe_limestone_x
D:2:      layout_loops_ring, serial_shops, nicolae_shop_waterfront,
          grunt_ministairs_15, kennysheep_path_1, guppyfry_early_lair_pool

Skill      XL: |  1  2  3 |
---------------+----------+-----
Long Blades    | 3 4 |  4.1
Fighting       | |  1.7
Throwing       | |  1.7
Dodging        | |  2.4

Action                     || total
---------------------------++-------
  Melee: Long sword        ||    24
         Bite              ||    11
         Short sword       ||    55
         Punch             ||     1
 Armour: Leather armour    ||    22
         Ring mail         ||     8
  Dodge: Dodged            ||    38
